AoeStats
← AloneArcher

MegaRandom

510418978Analyzed
4v4 RM · 2d ago on Sep 30, 2026· 61m 23s· 8 players
Game mode
Random Map
Map size
Large (8 player)
Population
200
Speed
Normal
Resources
Standard
Victory
Conquest
Starting age
Dark Age
Ending age
Imperial Age
RankedLock teamsTeams togetherTeam positionsShared explorationLock speedFull tech treeHidden civsTurbo modeCheats
Victory
Defeat
🇨🇳 Italians · China
901
+13
🇦🇷 Malians · Argentina
886
+14
🇩🇴 Saxons · Dominican Republic
886
+14
🇹🇷 Turks · Türkiye
798
+17
🇨🇳 Goths · China
852
-15
🇺🇸 Teutons · United States
844
-15
🇨🇳 Vietnamese · China
827
-14
🇩🇪 Chinese · Germany
812
-14
THEFORESTDWELLER
2:51 Loom
13:15 Feudal Age
16:35 Double-Bit Axe
16:32 Horse Collar
20:37 Forging
22:38 Castle Age
25:10 Heavy Plow
25:22 Bow Saw
28:43 Ballistics
31:54 Imperial Age
30:24 Wheelbarrow
30:31 Wheelbarrow
30:02 Scale Mail Armor
30:29 Stone Mining
30:29 Gold Mining
30:59 Masonry
31:44 Pikeman
32:09 Gambesons
32:25 Squires
32:10 Arson
32:46 Chain Mail Armor
33:06 Iron Casting
33:09 Hand Cart
33:33 Halberdier
34:47 Crop Rotation
35:23 Two-Man Saw
37:38 Blast Furnace
36:37 Heavy Scorpion
39:44 Chemistry
38:50 Siege Engineers
39:33 Fortified Wall
40:07 Crossbowman
40:07 Elite Skirmisher
45:01 Imperial Skirmisher
45:59 Crossbowman
59:46 Conscription
60:45 Plate Mail Armor
Letty
14:27 Feudal Age
19:06 Wheelbarrow
21:56 Double-Bit Axe
24:20 Castle Age
22:46 Horse Collar
25:23 Bow Saw
27:43 Hand Cart
27:33 Stone Mining
27:32 Pikeman
32:17 Anarchy
33:24 Elite Skirmisher
38:05 Imperial Age
38:43 Squires
38:14 Imperial Skirmisher
41:30 Two-Man Saw
40:33 Heavy Plow
42:36 Chemistry
43:03 Halberdier
46:21 Caravan
46:43 Town Watch
47:38 Crop Rotation
50:08 Town Patrol
Henrik
12:16 Loom
15:50 Feudal Age
16:41 Horse Collar
16:48 Double-Bit Axe
22:53 Castle Age
24:01 Bow Saw
23:59 Pikeman
24:48 Heavy Plow
26:20 Stone Mining
29:56 Gold Mining
30:19 Light Cavalry
31:11 Bloodlines
31:07 Fletching
31:18 Padded Archer Armor
34:01 Imperial Age
32:09 Wheelbarrow
32:12 Chatras
32:44 Husbandry
35:49 Paper Money
37:52 Chemistry
39:43 Crop Rotation
42:36 Caravan
42:58 Elite Skirmisher
43:44 Thumb Ring
45:48 Hand Cart
45:58 Imperial Skirmisher
49:00 Halberdier
49:40 Squires
49:26 Arson
Pega Menis
16:40 Feudal Age
18:40 Wheelbarrow
20:32 Castle Age
19:26 Stone Mining
19:27 Gold Mining
19:19 Horse Collar
19:28 Double-Bit Axe
20:36 Wheelbarrow
19:48 Town Watch
21:49 Bow Saw
23:21 Hand Cart
24:28 Heavy Plow
24:51 Fervor
29:53 Fletching
33:12 Imperial Age
31:45 Ballistics
31:52 Bodkin Arrow
33:03 Padded Archer Armor
35:09 Chemistry
35:21 Two-Man Saw
34:35 Thumb Ring
34:55 Conscription
34:41 Bracer
34:57 Leather Archer Armor
36:10 Elite Chu Ko Nu
39:25 Sanctity
45:07 Masonry
45:10 Fortified Wall
61:05 Ring Archer Armor
AloneArcher
7:51 Loom
15:32 Feudal Age
15:55 Horse Collar
16:01 Fishing Lines
20:08 Man-at-Arms
23:12 Castle Age
22:39 Gold Mining
22:44 Double-Bit Axe
26:51 Gold Shaft Mining
27:49 Stone Mining
30:38 Wheelbarrow
33:47 Imperial Age
32:50 Gillnets
36:15 Bow Saw
47:38 Two-Man Saw
48:20 Heavy Camel Rider
49:17 Elite Janissary
50:07 Scale Barding Armor
50:03 Scale Mail Armor
50:03 Padded Archer Armor
49:53 Fletching
50:14 Forging
50:18 Bloodlines
51:40 Caravan
55:39 Heavy Plow
56:38 Hand Cart
Mandark39
10:31 Loom
14:34 Feudal Age
21:55 Castle Age
26:39 Wheelbarrow
29:11 Squires
28:59 Horse Collar
29:11 Double-Bit Axe
37:10 Imperial Age
35:40 Heavy Plow
37:26 Forging
37:17 Scale Mail Armor
37:07 Fletching
37:12 Capped Ram
37:57 Arson
38:32 Onager
38:36 Siege Ram
40:18 Hoardings
41:17 Pikeman
41:44 Gambesons
41:21 Elite Varangian Guard
43:29 Chain Mail Armor
43:50 Iron Casting
52:18 Plate Mail Armor
53:01 Bodkin Arrow
54:58 Elite Hearth Troop
56:14 Hoardings
57:11 Shield Wall
495556203
3:49 Loom
14:18 Feudal Age
15:35 Wheelbarrow
14:43 Horse Collar
14:50 Double-Bit Axe
14:58 Gold Mining
14:57 Town Watch
15:48 Stone Mining
21:42 Castle Age
21:45 Fletching
22:49 Hand Cart
22:36 Heavy Plow
22:50 Bow Saw
24:49 Squires
25:47 Stone Shaft Mining
26:21 Padded Archer Armor
27:03 Bodkin Arrow
30:32 Town Patrol
30:49 Husbandry
30:09 Light Cavalry
31:54 Ballistics
35:41 Imperial Age
33:25 Forging
34:24 Leather Archer Armor
34:46 Iron Casting
35:59 Bloodlines
36:26 Bracer
36:57 Ring Archer Armor
37:51 Chemistry
38:53 Blast Furnace
37:59 Scale Barding Armor
37:56 Scale Mail Armor
40:10 Hussar
43:56 Chain Barding Armor
43:52 Chain Mail Armor
53:47 Plate Barding Armor
53:43 Plate Mail Armor
Producto.Machete
Connection lost

Rejoining the realm…

Still unreachable

The connection could not be restored.

Session expired

The server has moved on; the page needs a fresh start.